 Dungeon Sprint DCSS version 0.31-a0-365-gcf821cafb2 (webtiles) character file.

Game seed: 10775265371963166476

41846 rocky1 the Wrestler (level 13, -8/145 HPs)
             Began as a Troll Shapeshifter on July 28, 2023.
             Was the Champion of Okawaru.
             Mangled by a death cob (24 damage)
             ... in the Dungeon (Sprint VII: "The Pits").
             The game lasted 00:16:19 (5002 turns).

rocky1 the Wrestler (Troll Shapeshifter)            Turns: 5002, Time: 00:16:20

Health: -8/145     AC:  5    Str: 40    XL:     13   Next: 82%
Magic:  21/21      EV: 11    Int: 11    God:    Okawaru [******]
Gold:   0          SH:  0    Dex: 10    Spells: 12/12 levels left

rFire   + +          .
                       - Unarmed
rCold   + . .        (no shield)
rNeg    . . .        z - +0 robe of Lucidity {Rampage Regen+ Str+2}
rPois   +            (helmet currently unavailable)
rElec   +            (cloak currently unavailable)
rCorr   .            (gloves unavailable)
SInv    .            (boots unavailable)
Will    .....        O - amulet "Ifralia" {RegenMP rElec rF++ Str+8 Stlth-}
Stlth   ++           A - ring of Zaubleudd {rPois rC+ Str+5}
HPRegen 2.04/turn    F - ring "Lixtadao" {Str-3 Int+5 Slay+5}
MPRegen 0.57/turn

%: no teleportation, rampage
@: beast-form, heroic, studying Staves
A: beast (slay +7), large, unfitting armour, claws 3, regeneration 1, shaggy fur
1, tough skin 1
a: Begin Untransformation, Renounce Religion, Heroism, Finesse


You were in the Dungeon.
You worshipped Okawaru.
Okawaru was exalted by your worship.
You were a hulking beast.
You visited 1 branch

Inventory:

Missiles
 a - 5 large rocks
Armour
 q - a +0 cloak
 z - the +0 robe of Lucidity (worn) {Rampage Regen+ Str+2}
   (Okawaru gifted it to you in the Dungeon)

   Str:       It affects your strength (+2).
   Regen:     It increases your rate of health regeneration.
   Rampage:   It bestows one free step when moving towards enemies.
Jewellery
 m - the ring "Wagaciwk" {MP+9 EV+6 Str+4 Dex+3 SInv}
   (You found it in the Dungeon)

   [ring of evasion]

   EV:        It affects your evasion (+6).
   Str:       It affects your strength (+4).
   Dex:       It affects your dexterity (+3).
   MP:        It affects your magic capacity (+9).
   SInv:      It lets you see invisible.
 n - the ring "Aribb" {Fly rN+ Will+}
   (You found it in the Dungeon)

   [ring of willpower]

   rN:        It protects you from negative energy.
   Fly:       It grants you flight.
   Will:      It increases your willpower.
 x - the ring "Hero's Friend" {Fly rF+ SInv}
   (You found it in the Dungeon)

   [ring of protection from fire]

   rF:        It protects you from fire.
   SInv:      It lets you see invisible.
   Fly:       It grants you flight.
 A - the ring of Zaubleudd (left claw) {rPois rC+ Str+5}
   (You found it in the Dungeon)

   [ring of poison resistance]

   Str:       It affects your strength (+5).
   rC:        It protects you from cold.
   rPois:     It protects you from poison.
 F - the ring "Lixtadao" (right claw) {Str-3 Int+5 Slay+5}
   (You found it in the Dungeon)

   [ring of slaying]

   Str:       It affects your strength (-3).
   Int:       It affects your intelligence (+5).
   Slay:      It affects your accuracy & damage with ranged weapons and melee
   (+5).
 H - a +5 ring of slaying
 I - the ring of Ru's Approval {rPois EV+6 Int+5}
   (You found it in the Dungeon)

   [ring of evasion]

   EV:        It affects your evasion (+6).
   Int:       It affects your intelligence (+5).
   rPois:     It protects you from poison.
 K - the amulet of Ummisife {RegenMP rN++}
   (You found it in the Dungeon)

   [amulet of magic regeneration]

   It increases your rate of magic regeneration.
   rN:        It greatly protects you from negative energy.
 L - the ring "Adumoym" {rElec rCorr Dex+6 Slay-2}
   (You found it in the Dungeon)

   [ring of resist corrosion]

   Dex:       It affects your dexterity (+6).
   Slay:      It affects your accuracy & damage with ranged weapons and melee
   (-2).
   rElec:     It insulates you from electricity.
   rCorr:     It protects you from acid and corrosion.
 M - the amulet "Vuatunum" {Spirit rCorr}
   (You found it in the Dungeon)

   [amulet of guardian spirit]

   It causes incoming damage to be divided between your reserves of health and
   magic.
   rCorr:     It protects you from acid and corrosion.
 N - the amulet "Uwkabo" {Reflect Regen+ Dex+4 SH+5 SInv}
   (You found it in the Dungeon)

   [amulet of reflection]

   It reflects blocked missile attacks.
   Dex:       It affects your dexterity (+4).
   SInv:      It lets you see invisible.
   Regen:     It increases your rate of health regeneration.
   SH:        It affects your SH (+5).
 O - the amulet "Ifralia" (around neck) {RegenMP rElec rF++ Str+8 Stlth-}
   (You found it in the Dungeon)

   [amulet of magic regeneration]

   It increases your rate of magic regeneration.
   Str:       It affects your strength (+8).
   rF:        It greatly protects you from fire.
   rElec:     It insulates you from electricity.
   Stlth:     It makes you less stealthy.
 P - the amulet "Qikydina" {rPois Regen+}
   (You found it in the Dungeon)

   [amulet of regeneration]

   rPois:     It protects you from poison.
   Regen:     It increases your rate of health regeneration.
Talismans
 c - a beast talisman
Scrolls
 h - 4 scrolls of fog
 i - 3 scrolls of blinking
 k - 5 scrolls of amnesia
 t - 2 scrolls of enchant armour
 u - 3 scrolls of enchant weapon
 y - a scroll of immolation
Potions
 b - a potion of lignification
 d - 8 potions of curing
 e - 8 potions of heal wounds
 f - 7 potions of haste
 g - 9 potions of magic
 o - 3 potions of resistance
 p - 3 potions of might
 r - 2 potions of berserk rage
 s - 3 potions of mutation


   Skills:
 + Level 13.8(18.8) Fighting
 + Level 9.6(14.6) Armour
 - Level 1.5(6.5) Dodging
 * Level 24.4(27) Unarmed Combat
 + Level 12.6 Invocations
 + Level 15.4 Shapeshifting


You had 12 spell levels left.
You didn't know any spells.
Your spell library contained the following spells:

 Spells                   Type           Power      Damage    Failure   Level
 Foxfire                  Conj/Fire      0%         2x1d4     34%         1
 Sandblast                Erth           0%         2d4       34%         1
 Cigotuvi's Dreadful Rot  Necr/Pois/Air  0%         N/A       47%         2
 Lesser Beckoning         Tloc           0%         N/A       47%         2
 Passwall                 Tmut/Erth      0%         N/A       47%         2
 Dazzling Flash           Conj/Hex       0%         N/A       71%         3
 Gell's Gravitas          Tloc           0%         N/A       71%         3
 Hailstorm                Conj/Ice       0%         3d3       71%         3
 Ignite Poison            Fire/Tmut/Pois 0%         N/A       71%         3
 Ozocubu's Armour         Ice            0%         N/A       71%         3
 Stone Arrow              Conj/Erth      0%         3d7       71%         3
 Teleport Other           Tloc           0%         N/A       71%         3
 Volatile Blastmotes      Fire/Tloc      0%         2d10      71%         3
 Airstrike                Air            0%         2d(0-16)  98%         4
 Fulminant Prism          Conj/Hex       0%         3d5       98%         4
 Iskenderun's Mystic Bla  Conj/Tloc      0%         2d3       98%         4
 Leda's Liquefaction      Hex/Erth       0%         N/A       98%         4
 Petrify                  Tmut/Erth      0%         N/A       98%         4
 Sticky Flame             Conj/Fire      0%         2d3       98%         4
 Lee's Rapid Deconstruct  Erth           0%         3d4*      100%        5
 Silence                  Hex/Air        0%         N/A       100%        5
 Conjure Ball Lightning   Conj/Air       0%         3x3d6     100%        6
 Leda's Unmaking          Conj/Erth      0%         9d1       100%        6
 Plasma Beam              Fire/Air       0%         2x1d10    100%        6
 Starburst                Conj/Fire      0%         6d3       100%        6
 Ozocubu's Refrigeration  Ice            0%         4d7       100%        7
 Ignition                 Fire           0%         3d3       100%        8
 Lehudib's Crystal Spear  Conj/Erth      0%         10d2      100%        8
 Chain Lightning          Conj/Air       0%         N/A       100%        9
 Fire Storm               Conj/Fire      0%         5d1       100%        9
 Animate Armour           Summ/Erth      Unusable   N/A       N/A         4
 Animate Dead             Necr           Unusable   N/A       N/A         4

Dungeon Overview and Level Annotations

Branches:
Dungeon (1/1)

Altars:
Ashenzari
Cheibriados
Dithmenos
Elyvilon
Fedhas
Gozag
Hepliaklqana
Kikubaaqudgha
Makhleb
Nemelex Xobeh
Okawaru
Qazlal
Ru
Sif Muna
Trog
Uskayaw
Vehumet
Wu Jian
Xom
Yredelemnul
Zin
The Shining One
Jiyva
Lugonu


Innate Abilities, Weirdness & Mutations

You are a hulking beast.
Your limbs bulge with bestial killing power. (Slay +7)
You are too large for most types of armour.
You have claws for hands.
Your natural rate of healing is unusually fast.
You are covered in fur. (AC +1)
You have tough skin. (AC +1)


Message History

You bump into the metal wall.
You feel sick.
The killer bee stings you but does no damage.
The killer bee barely misses you.
A skeletal warrior comes into view. It is wielding a +0 battleaxe.
The wandering mushroom releases spores at you!
You are engulfed in a cloud of dizzying spores!
A death cob comes into view.
You mangle the wandering mushroom!!
Your claw misses the wandering mushroom.
The wandering mushroom is moderately damaged.
You feel sick. The killer bee stings you!
Unknown command.
You bump into the metal wall.
You feel sick. The killer bee stings you.
The wandering mushroom barely misses you.
You bump into the metal wall.
You feel sick.
The wandering mushroom releases spores at you!
You are engulfed in a cloud of dizzying spores!
Unknown command.
You eviscerate the skeletal warrior!!!!
You destroy the skeletal warrior!
Okawaru accepts your kill.
The wandering mushroom releases spores at you but does no damage.
The death cob hits you!!
* * * LOW HITPOINT WARNING * * *
You scratch the wandering mushroom.
Your claw misses the wandering mushroom.
The wandering mushroom is heavily damaged.
You feel sick. The death cob closely misses you.
Unknown command.
You bump into the metal wall.
You feel sick.
You are no longer poisoned.
The death cob hits you!
* * * LOW HITPOINT WARNING * * *
The wandering mushroom completely misses you.
The death cob hits you but does no damage.
Unknown command.
You feel better. The death cob hits you!!
* * * LOW HITPOINT WARNING * * *
The death cob hits you!!
You die...

############..#....#..#
..........''..........#
..........''..........#
########..##..#....#..# #.#.#
#..##..........+
#y#y##§§##..........+
#z#)#[§####''####''#
#z#f§§####''####''#
#h#..##......##...
###..##.#'##.##...
...##.#|)+.##..# ...##.)))#.##..#
#####.#)|'.##..#
#########++###########.+..#.##..#
................##..##.##+#.##..#
......#..#......##†.##. ##).#
................''†.### #..#


You could see a death cob, a skeletal warrior, a wandering mushroom and a killer
bee.

Vanquished Creatures
  An ancient lich (D)
  A profane servitor (D)
  3 liches (D)
  A frost giant (D)
  2 draconian shifters (D)
  An orc warlord (D)
  A draconian annihilator (D)
  An ophan (D)
  A deep elf demonologist (D)
  A white draconian (D)
  2 deep elf annihilators (D)
  2 deep elf death magi (D)
  A deep elf high priest (D)
  A yaktaur captain (D)
  A vault guard (D)
  An ogre mage (D)
  A hydra (D)
  A catoblepas (D)
  A boulder beetle (D)
  A centaur warrior (D)
  Erica (D)
  A dancing weapon (D)
  A demonic crawler (D)
  An orc high priest (D)
  3 vampire magi (D)
  A fire crab (D)
  2 skeletal warriors (D)
  A sea snake (D)
  A deep troll (D)
  A swamp dragon (D)
  A bog body (D)
  A deep elf zephyrmancer (D)
  2 orc knights (D)
  An orc sorcerer (D)
  A cyclops (D)
  Joseph (D)
  A naga mage (D)
  A guardian serpent (D)
  A molten gargoyle (D)
  2 cane toads (D)
  An eye of devastation (D)
  A gargoyle (D)
  3 yaktaurs (D)
  An ice devil (D)
  A tyrant leech (D)
  A wind drake (shapeshifter) (D)
  Prince Ribbit (D)
  A troll (D)
  2 hornets (D)
  A flying skull (D)
  A wraith (D)
  A ynoxinul (D)
  A fire elemental (D)
  A spriggan (D)
  A fire bat (D)
  Eustachio (D)
  A wyvern (D)
  4 yaks (D)
  2 wargs (D)
  An acid dragon (D)
  A water moccasin (D)
  6 orc warriors (D)
  An ice beast (D)
  A swamp drake (D)
  A sky beast (D)
  A centaur (D)
  An ogre (D)
  21 wolves (D)
  A phantom (D)
  A gnoll sergeant (D)
  A bullfrog (D)
  A scorpion (D)
  3 wights (D)
  9 killer bees (D)
  A crimson imp (D)
  A quasit (D)
  3 orc priests (D)
  A hound (D)
  A gnoll bouda (D)
  3 orc wizards (D)
  10 gnolls (D)
  2 ufetubi (D)
  An adder skeleton (D)
  An adder simulacrum (D)
  11 orcs (D)
  A bat (D)
  A bat skeleton (D)
  2 giant cockroaches (D)
  A hobgoblin (D)
  3 quokkas (D)
  A ball python skeleton (D)
  A frilled lizard (D)
  A kobold (D)
172 creatures vanquished.

Vanquished Creatures (others)
  An orc (D)
1 creature vanquished.

Grand Total: 173 creatures vanquished

Notes
Turn   | Place    | Note
-------+----------+-------------------------------------------
     0 | D        | rocky1 the Troll Shapeshifter began the quest for the Orb.
     0 | D        | Reached XP level 1. HP: 18/18 MP: 0/0
    20 | D        | Found a bloodstained altar of Trog.
    20 | D        | Found a shimmering blue altar of Sif Muna.
    20 | D        | Found a viscous altar of Jiyva.
    20 | D        | Found a hazy altar of Hepliaklqana.
    20 | D        | Found an opulent altar of Gozag.
    21 | D        | Found a glowing golden altar of the Shining One.
    21 | D        | Found a glowing silver altar of Zin.
    21 | D        | Found a basalt altar of Yredelemnul.
    21 | D        | Found a shimmering altar of Xom.
    21 | D        | Found an ornate altar of the Wu Jian Council.
    21 | D        | Found a sacrificial altar of Ru.
    21 | D        | Found a stormy altar of Qazlal.
    21 | D        | Found an iron altar of Okawaru.
    21 | D        | Found a sparkling altar of Nemelex Xobeh.
    21 | D        | Found a burning altar of Makhleb.
    21 | D        | Found a blossoming altar of Fedhas.
    21 | D        | Found a white marble altar of Elyvilon.
    21 | D        | Found a shadowy altar of Dithmenos.
    21 | D        | Found a snail-covered altar of Cheibriados.
    24 | D        | Found a corrupted altar of Lugonu.
    24 | D        | Found a radiant altar of Vehumet.
    25 | D        | Found an ancient bone altar of Kikubaaqudgha.
    25 | D        | Found a hide-covered altar of Uskayaw.
    25 | D        | Found a broken altar of Ashenzari.
    31 | D        | Became a worshipper of Warmaster Okawaru
    71 | D        | Reached skill level 4 in Unarmed Combat
    71 | D        | Reached XP level 2. HP: 19/26 MP: 1/1
   136 | D        | Reached skill level 5 in Unarmed Combat
   203 | D        | Noticed a fire bat
   208 | D        | Killed a fire bat
   208 | D        | Reached * piety under Okawaru
   209 | D        | Reached skill level 9 in Unarmed Combat
   209 | D        | Reached skill level 5 in Shapeshifting
   209 | D        | Reached XP level 3. HP: 21/32 MP: 2/2
   209 | D        | Reached XP level 4. HP: 27/40 MP: 3/3
   209 | D        | Reached XP level 5. HP: 31/46 MP: 4/4
   386 | D        | Noticed a phantom
   397 | D        | Killed a phantom
   398 | D        | Reached skill level 10 in Unarmed Combat
   403 | D        | Reached XP level 6. HP: 54/54 MP: 3/7
   412 | D        | Reached skill level 11 in Unarmed Combat
   470 | D        | Noticed an acid dragon
   472 | D        | Killed an acid dragon
   472 | D        | Reached ** piety under Okawaru
   473 | D        | Reached skill level 1 in Fighting
   473 | D        | Reached XP level 7. HP: 63/63 MP: 9/9
   591 | D        | Reached skill level 12 in Unarmed Combat
   591 | D        | Reached skill level 5 in Invocations
   808 | D        | Noticed a demonic crawler
   818 | D        | Killed a demonic crawler
   819 | D        | Reached skill level 13 in Unarmed Combat
   819 | D        | Reached XP level 8. HP: 35/78 MP: 8/11
  1065 | D        | Noticed Erica
  1087 | D        | Killed Erica
  1087 | D        | Reached *** piety under Okawaru
  1088 | D        | Reached skill level 5 in Fighting
  1088 | D        | Reached skill level 14 in Unarmed Combat
  1088 | D        | Reached XP level 9. HP: 42/88 MP: 13/13
  1332 | D        | Noticed a cane toad
  1333 | D        | Noticed a deep elf zephyrmancer
  1337 | D        | Killed a cane toad
  1342 | D        | Killed a deep elf zephyrmancer
  1342 | D        | Reached **** piety under Okawaru
  1343 | D        | Reached skill level 15 in Unarmed Combat
  1343 | D        | Noticed an orc high priest
  1360 | D        | Killed an orc high priest
  1360 | D        | Reached ***** piety under Okawaru
  1361 | D        | Reached skill level 10 in Shapeshifting
  1365 | D        | Reached skill level 16 in Unarmed Combat
  1375 | D        | Noticed a cyclops
  1378 | D        | Reached XP level 10. HP: 35/102 MP: 8/15
  1379 | D        | Noticed Prince Ribbit
  1381 | D        | Killed a cyclops
  1382 | D        | Noticed a deep troll
  1385 | D        | Killed a deep troll
  1392 | D        | Killed Prince Ribbit
  1394 | D        | Noticed a bog body
  1397 | D        | HP: 2/104 [bog body/bolt of cold (26)]
  1398 | D        | Killed a bog body
  1399 | D        | Reached skill level 17 in Unarmed Combat
  1401 | D        | Received a gift from Okawaru
  1654 | D        | Noticed a sea snake
  1659 | D        | Killed a sea snake
  1907 | D        | Noticed a catoblepas
  1909 | D        | Noticed a boulder beetle
  1914 | D        | Killed a catoblepas
  1946 | D        | Killed a boulder beetle
  1946 | D        | Reached ****** piety under Okawaru
  1946 | D        | Received a gift from Okawaru
  1947 | D        | Reached skill level 18 in Unarmed Combat
  1969 | D        | Reached XP level 11. HP: 115/115 MP: 17/17
  2247 | D        | Noticed Eustachio
  2271 | D        | Reached skill level 19 in Unarmed Combat
  2288 | D        | Killed Eustachio
  2297 | D        | Reached skill level 10 in Fighting
  2622 | D        | Noticed a swamp dragon
  2630 | D        | Killed a swamp dragon
  3085 | D        | Identified the +0 robe of Lucidity {Rampage Regen+ Str+2}
                  | (Okawaru gifted it to you in the Dungeon)
  3085 | D        | Received a gift from Okawaru
  3088 | D        | Reached skill level 1 in Armour
  3239 | D        | Reached skill level 20 in Unarmed Combat
  3497 | D        | Noticed a centaur warrior
  3502 | D        | Killed a centaur warrior
  3745 | D        | Noticed a five-headed hydra
  3751 | D        | Killed an eight-headed hydra
  3809 | D        | Noticed a profane servitor
  3816 | D        | Noticed a frost giant
  3820 | D        | Killed a profane servitor
  3821 | D        | Reached XP level 12. HP: 21/130 MP: 10/18
  3823 | D        | Noticed a lich
  3825 | D        | Killed a frost giant
  3826 | D        | Reached skill level 21 in Unarmed Combat
  3827 | D        | Noticed a vampire mage
  3828 | D        | Killed a lich
  3829 | D        | Reached skill level 5 in Armour
  3830 | D        | Killed a vampire mage
  3831 | D        | Noticed a vampire mage
  3849 | D        | Killed a vampire mage
  3849 | D        | Identified the +1 robe of the Hills {Stlth+} (Okawaru
                  | gifted it to you in the Dungeon)
  3849 | D        | Received a gift from Okawaru
  3997 | D        | Noticed a deep elf death mage
  3997 | D        | Noticed a deep elf annihilator
  4004 | D        | Noticed a purple draconian shifter
  4007 | D        | Noticed a purple draconian shifter
  4012 | D        | Killed a deep elf death mage
  4014 | D        | Killed a deep elf annihilator
  4015 | D        | Reached skill level 10 in Invocations
  4015 | D        | Noticed a deep elf death mage
  4015 | D        | Noticed an ancient lich
  4023 | D        | Killed a purple draconian shifter
  4033 | D        | Killed a purple draconian shifter
  4034 | D        | Reached skill level 22 in Unarmed Combat
  4035 | D        | Noticed a deep elf high priest
  4043 | D        | Noticed an ogre mage
  4045 | D        | Killed an ancient lich
  4045 | D        | Received a gift from Okawaru
  4047 | D        | Killed a deep elf high priest
  4049 | D        | Noticed a white draconian
  4059 | D        | Killed a deep elf death mage
  4060 | D        | Reached XP level 13. HP: 90/141 MP: 16/20
  4060 | D        | Noticed a deep elf annihilator
  4060 | D        | Noticed an orc warlord
  4060 | D        | Noticed a lich
  4068 | D        | Killed a white draconian
  4069 | D        | Noticed a lich
  4072 | D        | Killed a lich
  4073 | D        | Reached skill level 23 in Unarmed Combat
  4077 | D        | Killed a deep elf annihilator
  4077 | D        | Received a gift from Okawaru
  4080 | D        | Killed a lich
  4082 | D        | Killed an orc warlord
  4101 | D        | Noticed a yellow draconian annihilator
  4106 | D        | Killed a yellow draconian annihilator
  4116 | D        | Reached skill level 15 in Shapeshifting
  4600 | D        | Got the Parchment of Arcane Weapons and Ozone
  4614 | D        | Got Ziacyses's Thoughts on Quicksand
  4622 | D        | Got the Tome of Turbulence
  4624 | D        | Got the Parchment of Energetic Zombies
  4647 | D        | Got the amulet "Suczadi" {Reflect rPois SH+5}
  4649 | D        | Got the ring of Upse {rF+ rC+ Will- Str+3 SInv}
  4651 | D        | Got the amulet "Ukuqeqos" {RegenMP +Inv rN++ Str-5 SInv}
  4653 | D        | Got the ring "Lixtadao" {Str-3 Int+5 Slay+5}
  4655 | D        | Got the amulet "Tuzyac" {Reflect Harm SH+5}
  4658 | D        | Got the amulet of Roedussuska {Reflect +Blink rC+++ Dex-5
                  | SH+5 Stlth+}
  4660 | D        | Got the amulet "Jeskek" {Harm rN+ Regen+ SInv}
  4662 | D        | Got the amulet of Lakok {Reflect rC+ Str+3 Int-5 SH+5}
  4667 | D        | Got the amulet of Ummisife {RegenMP rN++}
  4671 | D        | Got the ring "Adumoym" {rElec rCorr Dex+6 Slay-2}
  4673 | D        | Got the amulet "Vuatunum" {Spirit rCorr}
  4675 | D        | Got the amulet "Uwkabo" {Reflect Regen+ Dex+4 SH+5 SInv}
  4678 | D        | Got the amulet "Ifralia" {RegenMP rElec rF++ Str+8 Stlth-}
  4681 | D        | Got the amulet "Qikydina" {rPois Regen+}
  4721 | D        | Got the ring of the Sky {Ice Int+4 SInv Stlth-}
  4723 | D        | Got the ring of Wycuroar {Fly rPois rF+ Dex+6 Stlth-}
  4725 | D        | Got the ring "Wagaciwk" {MP+9 EV+6 Str+4 Dex+3 SInv}
  4727 | D        | Got the ring "Aribb" {Fly rN+ Will+}
  4729 | D        | Got the ring of Fykoim {Dex+4 SInv}
  4732 | D        | Got the ring of Qebrixt {Ice Fly rPois Dex-5}
  4734 | D        | Got the ring "Hero's Friend" {Fly rF+ SInv}
  4736 | D        | Got the ring of Zaubleudd {rPois rC+ Str+5}
  4738 | D        | Got the ring of a Thousand Places {rPois Str+3 Dex+2}
  4742 | D        | Got the ring "Gerghikoa" {Drain rElec rF+++ SInv Stlth+}
  4749 | D        | Got the ring of Ru's Approval {rPois EV+6 Int+5}
  4833 | D        | Noticed a deep elf demonologist
  4842 | D        | Received a gift from Okawaru
  4843 | D        | Reached skill level 24 in Unarmed Combat
  4847 | D        | Killed a deep elf demonologist
  4984 | D        | Noticed an ophan
  4988 | D        | Killed an ophan
  4988 | D        | Identified the +1 hat of Exclusion {Dex+3} (Okawaru gifted
                  | it to you in the Dungeon)
  4988 | D        | Received a gift from Okawaru
  4988 | D        | Noticed Joseph
  4992 | D        | Killed Joseph
  4993 | D        | Identified the +0 chain mail of the Bull {Harm Will- Dex-3
                  | Stlth+}
  4996 | D        | Noticed a death cob
  5002 | D        | Mangled by a death cob

Illustrated notes

Levels and vault maps discovered:
D:        pitsprint [storerooms_1, entrance_room_1, metal_vault_6, armoury_2,
          mini_pit_1, grid_room_1, main_hall_1, silver_pit, the_coven_1,
          the_vestibule_1, steel_vault_3, golden_pit, hallway_of_sentries,
          crystal_vault_1, iron_vault_2, final_vault]

Skill      XL: |  1  2  3  4  5  6  7  8  9 10 11 12 13 |
---------------+----------------------------------------+-----
Unarmed Combat | 4 9 10 11 13 14 16 18 20 22 24 | 24.4
Shapeshifting  | 5 6 7 8 9 10 11 13 14 15 | 15.4
Invocations    | 3 4 6 7 9 11 12 | 12.6
Fighting       | 1 4 5 7 9 11 12 13 | 13.8
Armour         | 4 7 9 |  9.6
Dodging        | |  1.5

Action                     |  1- 3 |  4- 6 |  7- 9 | 10-12 | 13-15 || total
---------------------------+-------+-------+-------+-------+-------++-------
  Melee: Unarmed           |    11 |    39 |    77 |   209 |    81 ||   417
         Punch             |     1 |     4 |     5 |    27 |     8 ||    45
 Invoke: Heroism           |       |     1 |     2 |     4 |     2 ||     9
         Finesse           |       |       |     1 |     4 |     1 ||     6
    Use: Potion            |     1 |     1 |     3 |    10 |     3 ||    18
   Stab: Sleeping          |     1 |       |       |       |       ||     1
         Invisible         |       |       |       |     2 |     2 ||     4
 Armour: Animal skin       |     4 |     6 |       |       |       ||    10
         Acid dragon scale |       |       |    22 |    52 |       ||    74
         Robe              |       |       |       |    13 |    10 ||    23
  Dodge: Dodged            |     3 |    23 |    28 |    90 |    25 ||   169

Table legend: (Time is in decaauts)
 A = Elapsed time spent in this place.
 B = Non-inter-level travel time spent in this place.
 C = Inter-level travel time spent in this place.
 D = Time resting spent in this place.
 E = Time spent auto-exploring this place.
 F = Levels seen in this place.
 G = Mean time per level.
                   A        B        C        D        E       F      G
               +--------+--------+--------+--------+--------+-----+--------+
         Total |   4843 |   4783 |     60 |   3447 |      0 |   1 | 4843.0 |
       Dungeon |   4843 |   4783 |     60 |   3447 |      0 |   1 | 4843.0 |
               +--------+--------+--------+--------+--------+-----+--------+

Top non-repeatable levels by time:
       D: 4843 daAuts
